 Dungeon Crawl Stone Soup version 0.28-a0-43-g560ac10 (webtiles) character file.

Game seed: 7347983304800790970

32 Illumine the Sneak (level 3, -9/19 HPs)
             Began as a Kobold Enchanter on July 28, 2021.
             Mangled by Sigmund (13 damage)
             ... on level 1 of the Dungeon.
             The game lasted 00:01:56 (1435 turns).

Illumine the Sneak (Kobold Enchanter)               Turns: 1435, Time: 00:01:57

Health: -9/19      AC:  2    Str:  6    XL:     3   Next: 45%
Magic:  1/6        EV: 15    Int: 16    God:
Gold:   44         SH:  0    Dex: 15    Spells: 4/7 levels left

rFire   . . .      SeeInvis .   a - +1 dagger
rCold   + . .      Faith    .   (shield restricted)
rNeg    . . .      Spirit   .   b - +0 robe
rPois   .          Reflect  .   (no helmet)
rElec   .          Harm     .   (no cloak)
rCorr   .          Rampage  .   (no gloves)
Will    .....                   (no boots)
Stlth   ++........              (no amulet)
HPRegen 0.06/turn               h - ring of protection from cold
MPRegen 0.10/turn               (no ring)

@: confused, very slightly contaminated
A: small, no large weapons, nightstalker 3
a: no special abilities


You were on level 1 of the Dungeon.
You visited 1 branch of the dungeon, and saw 2 of its levels.

You collected 44 gold pieces.

Inventory:

Hand Weapons
 a - a +1 dagger (weapon)
Missiles
 c - 13 poisoned darts
 g - 2 atropa-tipped darts
Armour
 b - a +0 robe (worn)
Jewellery
 h - a ring of protection from cold (left hand)
Scrolls
 e - a scroll of vulnerability {unknown}
 i - a scroll of magic mapping {unknown}
 j - a scroll of brand weapon {unknown}
 k - a scroll of teleportation {unknown}
Potions
 d - a potion of cancellation {unknown}
 f - 2 potions of haste {unknown}
 l - a potion of curing {unknown}


   Skills:
 + Level 2.6 Short Blades
 - Level 2.4 Dodging
 + Level 4.7 Stealth
 + Level 2.5 Spellcasting
 + Level 3.2 Hexes


You had 4 spell levels left.
You knew the following spells:

 Your Spells              Type           Power      Damage    Failure   Level
a - Corona                Hex            13%        N/A       5%          1
b - Ensorcelled Hibernat  Hex/Ice        14%        N/A       16%         2

Your spell library contained the following spells:

 Spells                   Type           Power      Damage    Failure   Level
 Confusing Touch          Hex            12%        N/A       16%         3
 Tukima's Dance           Hex            12%        N/A       16%         3
 Dazzling Flash           Conj/Hex       14%        N/A       30%         3


Dungeon Overview and Level Annotations

Branches:
Dungeon (2/15)

Altars:

Annotations:
D:1 Sigmund
D:2 Robin


Innate Abilities, Weirdness & Mutations

You are small and have problems with some larger weapons.
You are completely attuned to the shadows.


Message History

You impale Sigmund!!
Sigmund is severely wounded.
Sigmund misses you. Sigmund hits you with a +0 scythe.
You climb upwards.
There is a stone staircase leading down here.
Casting: Ensorcelled Hibernation (safe; 16% risk of failure)
Confirm with . or Enter, or press ? or * to list all spells.
Aiming: Ensorcelled Hibernation (safe; 16% risk of failure)
Press: ? - help, Shift-Dir - straight line, f - Sigmund
Aim: Sigmund, wielding a +0 scythe and wearing a +0 robe (severely wounded, chance to affect: 48%)
You miscast Ensorcelled Hibernation.
You are very lightly contaminated with residual magic.
Nothing appears to happen.
Sigmund hits you with a +0 scythe.
Casting: Ensorcelled Hibernation (safe; 16% risk of failure)
Confirm with . or Enter, or press ? or * to list all spells.
Aiming: Ensorcelled Hibernation (safe; 16% risk of failure)
Press: ? - help, Shift-Dir - straight line, f/p - Sigmund
Aim: Sigmund, wielding a +0 scythe and wearing a +0 robe (severely wounded, chance to affect: 48%)
You miscast Ensorcelled Hibernation.
Nothing appears to happen.
Sigmund completely misses you.
Casting: Ensorcelled Hibernation (safe; 16% risk of failure)
Confirm with . or Enter, or press ? or * to list all spells.
Aiming: Ensorcelled Hibernation (safe; 16% risk of failure)
Press: ? - help, Shift-Dir - straight line, f/p - Sigmund
Aim: Sigmund, wielding a +0 scythe and wearing a +0 robe (severely wounded, chance to affect: 48%) Sigmund resists with some effort.
Sigmund mumbles some strange words.
Sigmund flickers and vanishes!
Deactivating autopickup; reactivate with Ctrl-A.
Something hits you!
Ouch! That really hurt!
* * * LOW HITPOINT WARNING * * *
Unknown command.
You hear some strange, mumbled words.
You are confused.
You bump into the rock wall.
You bump into the rock wall.
Something hits you!
Ouch! That really hurt!
You die...

### #.....(....# #...........
#..........# #........... #
#..........# #########... #
#..........# #... ## ##....######
#... .#######.#..# #...
.#.....#.#..###### ######...
.#.....#.#.......########....#...
................@.{.....>.##.#...
##.....#.#....##.###.......#...#.
##.....#.#.#########.##........#.
##.....#.#.#^........##..##.##...
########.#.#.#####......##...##..
# #.#.#.#.# ######.#..#..#.. #
#.###.#.### ###.#.#.#.#..
########...#.#...# #.....(#.....
##....######.#...# #...#.#.#.#K#


There were no monsters in sight!

Vanquished Creatures
  2 ball pythons (D:1)
  3 endoplasms (D:1)
  2 giant cockroaches (D:1)
  4 goblins
  3 hobgoblins
  4 kobolds (D:1)
  A quokka (D:1)
  5 bats (D:1)
  A frilled lizard (D:1)
  3 rats (D:1)
28 creatures vanquished.

Notes
Turn   | Place    | Note
-------+----------+-------------------------------------------
     0 | D:1      | Illumine the Kobold Enchanter began the quest for the Orb.
     0 | D:1      | Reached XP level 1. HP: 10/10 MP: 3/3
   414 | D:1      | Reached XP level 2. HP: 11/15 MP: 3/5
   440 | D:1      | Learned a level 2 spell: Ensorcelled Hibernation
  1205 | D:1      | Reached XP level 3. HP: 19/19 MP: 6/6
  1232 | D:1      | Found a faded altar of an unknown god.
  1379 | D:2      | Noticed Robin
  1419 | D:2      | Noticed Sigmund
  1435 | D:1      | Mangled by Sigmund

Illustrated notes

Levels and vault maps discovered:
D:1:      dpeg_arrival_shelter, layout_basic,
          ebering_ecumenical_altar_sacrificial, corner_web_ring,
          minmay_box_of_dots
D:2:      layout_rooms, serial_shops, nicolae_shop_waterfront, uniq_sigmund,
          uniq_robin

Skill      XL: |  1 |
---------------+----+-----
Short Blades   | 2 |  2.6
Dodging        | |  2.4
Stealth        | |  4.7
Spellcasting   | |  2.5
Hexes          | |  3.2

Action                   || total
-------------------------++-------
Melee: Dagger            ||    50
 Cast: Corona            ||     2
       Ensorcelled Hiber ||     4
 Stab: Sleeping          ||    21
Armor: Robe              ||     4
Dodge: Dodged            ||    26

Table legend: (Time is in decaauts)
 A = Elapsed time spent in this place.
 B = Non-inter-level travel time spent in this place.
 C = Inter-level travel time spent in this place.
 D = Time resting spent in this place.
 E = Time spent auto-exploring this place.
 F = Levels seen in this place.
 G = Mean time per level.
                   A        B        C        D        E       F      G
               +--------+--------+--------+--------+--------+-----+--------+
         Total |   1430 |   1384 |     46 |    352 |    807 |   2 |  715.0 |
       Dungeon |   1430 |   1384 |     46 |    352 |    807 |   2 |  715.0 |
               +--------+--------+--------+--------+--------+-----+--------+

Top non-repeatable levels by time:
     D:1: 1423 daAuts
     D:2: 6 daAuts
